Map: Practice Enviroment

Players

TheDestroyer - Winner!

  • Race: Terran Terran
  • League: Platinum
  • Spawn Location: 9:00

TheDestroyer - Winner!

  • Race: Terran Terran
  • League: Platinum
  • Spawn Location: 9:00

VOD

Have the link to the VOD?

Description

Practice

Time

  • Played on: Nov. 24, 2022, 11:14 a.m.
  • Length: 6:48
Show
View Real Time Build Order
Export as new Build Order

TheDestroyer Terran - Winner!

Build Orders:  

Get SALT Encoding   

  12  0:00  SCV  
  13  0:16  SCV, Supply Depot  
  14  0:29  SCV, Refinery  
  15  0:41  Barracks  
  15  0:45  SCV  
  16  0:54  Supply Depot  
  16  1:00  SCV  
  17  1:12  SCV  
  18  1:19  Barracks  
  18  1:31  Orbital Command  
  18  1:43  Barracks Reactor  
  18  1:45  Refinery  
  18  1:58  SCV, Factory  
  19  2:08  Barracks Tech Lab  
  19  2:14  SCV  
  20  2:20  Marine x2  
  22  2:26  SCV  
  22  2:27  Marauder  
  25  2:38  SCV  
  25  2:41  Marine x2  
  25  2:42  Supply Depot  
  28  2:46  Factory Tech Lab  
  28  2:49  Marine  
  28  2:50  SCV  
  30  2:57  Combat Shield  
  30  3:04  Cyclone  
  33  3:07  SCV  
  34  3:28  Command Center  
  34  3:36  Supply Depot  
  34  3:39  SCV  
  35  3:41  Mag-Field Accelerator  
  35  3:47  Marine x2  
  37  3:51  SCV  
  38  3:58  Cyclone  
  41  4:16  Stimpack  
  41  4:17  Refinery  
  41  4:20  Starport  
  41  4:22  Marauder  
  43  4:25  Marine  
  43  4:28  Marine  
  45  4:37  Supply Depot  
  45  4:44  Orbital Command  
  47  4:53  Marauder  
  47  4:57  Starport Reactor  
  47  5:01  Marine x2  
  49  5:11  SCV x2  
  53  5:14  Marauder  
  53  5:23  SCV x2, Cyclone  
  53  5:25  Marine x2  
  60  5:34  Medivac  
  60  5:35  SCV x2  
  64  5:37  Medivac  
  66  5:45  Marauder  
  66  5:46  Marine x2  
  70  5:59  Supply Depot  
  70  6:00  Supply Depot  
  70  6:20  Marine x2  
  70  6:21  SCV  
  70  6:22  SCV, Marauder  
  83  6:32  Command Center  
Show
View Real Time Build Order
Export as new Build Order

TheDestroyer Terran - Winner!

Build Orders:  

Get SALT Encoding   

  12  0:00  SCV  
  13  0:16  SCV, Supply Depot  
  14  0:29  SCV, Refinery  
  15  0:41  Barracks  
  15  0:45  SCV  
  16  0:54  Supply Depot  
  16  1:00  SCV  
  17  1:12  SCV  
  18  1:19  Barracks  
  18  1:31  Orbital Command  
  18  1:43  Barracks Reactor  
  18  1:45  Refinery  
  18  1:58  SCV, Factory  
  19  2:08  Barracks Tech Lab  
  19  2:14  SCV  
  20  2:20  Marine x2  
  22  2:26  SCV  
  22  2:27  Marauder  
  25  2:38  SCV  
  25  2:41  Marine x2  
  25  2:42  Supply Depot  
  28  2:46  Factory Tech Lab  
  28  2:49  Marine  
  28  2:50  SCV  
  30  2:57  Combat Shield  
  30  3:04  Cyclone  
  33  3:07  SCV  
  34  3:28  Command Center  
  34  3:36  Supply Depot  
  34  3:39  SCV  
  35  3:41  Mag-Field Accelerator  
  35  3:47  Marine x2  
  37  3:51  SCV  
  38  3:58  Cyclone  
  41  4:16  Stimpack  
  41  4:17  Refinery  
  41  4:20  Starport  
  41  4:22  Marauder  
  43  4:25  Marine  
  43  4:28  Marine  
  45  4:37  Supply Depot  
  45  4:44  Orbital Command  
  47  4:53  Marauder  
  47  4:57  Starport Reactor  
  47  5:01  Marine x2  
  49  5:11  SCV x2  
  53  5:14  Marauder  
  53  5:23  SCV x2, Cyclone  
  53  5:25  Marine x2  
  60  5:34  Medivac  
  60  5:35  SCV x2  
  64  5:37  Medivac  
  66  5:45  Marauder  
  66  5:46  Marine x2  
  70  5:59  Supply Depot  
  70  6:00  Supply Depot  
  70  6:20  Marine x2  
  70  6:21  SCV  
  70  6:22  SCV, Marauder  
  83  6:32  Command Center  
Tags
 
Add a new tag
Caveats
  • Supply blocks, unpowered buildings, or Contaminate may cause inaccurate times.
  • Supply counts are checked every 10 seconds.